 Dungeon Crawl Stone Soup version bcrawl-1.21.2-20-g6d45ba5942 (webtiles) character file.

Game seed: 16885503710258261108

52756 Foic the Transcendent (level 14, -9/114 HPs)
             Began as a Demigod Fighter on Feb 24, 2020.
             Mangled by a catoblepas (20 damage)
             ... on level 6 of the Lair of Beasts on Feb 25, 2020.
             The game lasted 01:26:24 (23770 turns).

Foic the Transcendent (Demigod Fighter)            Turns: 23770, Time: 01:26:25

Health: -9/114     AC: 25    Str: 32    XL:     14   Next: 28%
Magic:  26/28      EV: 11    Int: 12    God:    Demigod [*****.]
Gold:   592        SH: 24    Dex: 16    Spells: 12/13 levels left

rFire    + . .     SeeInvis .   J - +3 mace "Ashrel" {flame, rN++ Str+2}
rCold    x . .     Gourm    +   B - +0 large shield
rNeg     + + +     Faith    .   E - +0 plate armour
rPois    .         Spirit   .   k - +0 helmet
rElec    .         Reflect  .   F - +1 cloak
rCorr    .         Harm     .   y - +0 pair of gloves
MR       +....                  r - +1 pair of boots {Fly}
Stlth    ..........             Z - amulet of the gourmand
HPRegen  0.29/turn              o - +3 ring of slaying
MPRegen  0.21/turn              U - ring "Sicli" {Fire rN+ Str+2}

@: heroism, flying
A: high mp 1
a: Temporal Distortion, Growth, Major Destruction, Heroism, Divine Shield, Stop
Flying


You were on level 6 of the Lair of Beasts.
You worshipped Demigod.
Demigod was extremely pleased with you.
You were very full.

You visited 3 branches of the dungeon, and saw 16 of its levels.

You collected 1044 gold pieces.
You spent 452 gold pieces at shops.

Inventory:

Hand Weapons
 i - a +4 quarterstaff of chaos
 x - a +0 mace of holy wrath
 J - the +3 mace "Ashrel" (weapon) {flame, rN++ Str+2}
   (You bought it in a shop on level 7 of the Dungeon)

   It has been specially enchanted to burn those struck by it, causing extra
   injury to most foes and up to half again as much damage against particularly
   susceptible opponents.
   It affects your strength (+2).
   It greatly protects you from negative energy.
 X - a +0 hunting sling
Missiles
 f - 419 tomahawks
 q - 3232 stones (quivered)
 Y - 292 sling bullets
Armour
 a - a +0 troll leather armour
 k - a +0 helmet (worn)
 r - a +1 pair of boots of flying (worn)
 y - a +0 pair of gloves (worn)
 B - a +0 large shield (worn)
 E - a +0 plate armour (worn)
 F - a +1 cloak (worn)
Jewellery
 g - an uncursed amulet of the acrobat
 m - a +1 ring of evasion
 o - a +3 ring of slaying (left hand)
 p - an uncursed ring of protection from fire
 s - an uncursed amulet of rage
 v - a cursed ring of teleportation
 U - the ring "Sicli" (right hand) {Fire rN+ Str+2}
   (You found it on level 3 of the Lair of Beasts)

   [ring of fire]

   It enhances your fire magic.
   It affects your strength (+2).
   It protects you from fire.
   It makes you vulnerable to cold.
   It protects you from negative energy.
 Z - an amulet of the gourmand (around neck)
Wands
 b - a wand of digging (8)
 h - a wand of disintegration (10)
 D - a wand of random effects (15)
 G - a wand of enslavement (12)
 W - a wand of polymorph (9)
Scrolls
 j - 5 scrolls of identify
 l - a scroll of blinking
 n - 8 scrolls of remove curse
 u - a scroll of enchant armour
 C - 4 scrolls of teleportation
 I - a scroll of amnesia
 N - 2 scrolls of fear
 O - a scroll of silence
 T - a scroll of magic mapping
Potions
 c - a potion of berserk rage
 d - a potion of might
 t - 2 potions of heal wounds
 w - 2 potions of brilliance
 H - 2 potions of flight
 P - a potion of mutation
 R - 2 potions of agility
 S - a potion of resistance
Miscellaneous
 M - a lightning rod (4/4)
Comestibles
 e - 19 rations {!d}


   Skills:
 + Level 7.7(12.7) Fighting
 + Level 11.5(16.5) Maces & Flails
 * Level 10.2(15.2) Armour
 + Level 1.6(6.6) Dodging
 + Level 1.5(6.5) Stealth
 * Level 13.0(18.0) Shields
 * Level 13.3 Invocations


You had 12 spell levels left.
You knew the following spells:

 Your Spells              Type           Power        Failure   Level  Hunger
a - Magic Dart            Conj           #...         99%         1    ##.....

Your spell library contained the following spells:

 Spells                   Type           Power        Failure   Level  Hunger
 Apportation              Tloc           #.....       99%         1    ##.....
 Beastly Appendage        Tmut           #.....       99%         1    ##.....
 Corona                   Hex            #......      99%         1    ##.....
 Infusion                 Chrm           #.......     99%         1    ##.....
 Sandblast                Erth           #.....       99%         1    ##.....
 Slow                     Hex            #.......     99%         1    ##.....
 Summon Butterflies       Summ           #.......     99%         1    ##.....
 Blink                    Tloc           N/A          99%         2    ###....
 Call Imp                 Summ           #.....       99%         2    ###....
 Ensorcelled Hibernation  Hex/Ice        #.....       99%         2    ###....
 Sticks to Snakes         Tmut           #.......     99%         2    ###....
 Confuse                  Hex            #.......     100%        3    ####...
 Conjure Flame            Conj/Fire      #.......     100%        3    ####...
 Dazzling Spray           Conj/Hex       #.....       100%        3    ####...
 Mephitic Cloud           Conj/Pois/Air  #.......     100%        3    ####...
 Regeneration             Chrm/Necr      #.........   100%        3    ####...
 Spider Form              Tmut/Pois      #..          100%        3    ####...
 Tukima's Dance           Hex            #.......     100%        3    ####...
 Ice Form                 Ice/Tmut       #.......     100%        4    #####..
 Summon Scorpions         Summ/Pois      #.......     100%        4    #####..
 Blade Hands              Tmut           #.........   100%        5    ######.
 Venom Bolt               Conj/Pois      #.........   100%        5    ######.
 Borgnjor's Vile Clutch   Necr/Erth      #.........   100%        6    #######
 Darkness                 Hex            #.........   100%        6    #######
 Infestation              Hex/Tmut/Pois  #........    100%        6    #######
 Shadow Creatures         Summ           N/A          100%        6    #######
 Time Stop                Chrm/Tloc      N/A          100%        8    #######


Dungeon Overview and Level Annotations

Branches:
Dungeon (9/12)             Temple (1/1) D:5            Lair (6/6) D:9
  Swamp (0/3) Lair:2       Spider (0/3) Lair:3        Slime (0/5) Lair:6
    Orc: D:8-11

Shops:
D:6 }?[   D:7 (?**(   D:8 *

Annotations:
D:5 3 runed translucent doors, kirei's ghost, novice OpVM
Lair:6 3 runed translucent doors, dscm's ghost, journeyman OpAc


Innate Abilities, Weirdness & Mutations

You have an increased reservoir of magic. (+10% MP)


Message History

The catoblepas gores you but does no damage.
You hit the catoblepas but do no damage.
The catoblepas is moderately wounded.
The fungus is engulfed in calcifying dust.
The catoblepas gores you!!
* * * LOW HITPOINT WARNING * * *
Okay, then.
You gain the combat prowess of a mighty hero.
The fungus is no longer petrified.
The catoblepas gores you!!
* * * LOW HITPOINT WARNING * * *
You hit the catoblepas but do no damage.
The catoblepas is moderately wounded.
The catoblepas gores you but does no damage.
You thump the catoblepas! You burn the catoblepas!
The catoblepas is severely wounded.
You sock the catoblepas! You burn the catoblepas.
The catoblepas is almost dead.
The catoblepas gores you!!
You die...
Your divinity fades.

P......#P...............## ##..P#
...P.....................## #...#
.....##PPP.....##...#...#.# ##..#
#.......PP.......#...#...## #...#
.#....#...#...#.##..##..## #...#
###..#.#.##..#...P..##..# ##...
##.........P..<.PP.####.##PP..###
###.......PPP...Y### ...#.......
#.#.......#.....@.# ...........
##...............## ##...P...#...
#........#........##........P#.#P
......###.##.#................#..
.....## ######..##..#P.....PP....
..######## ##....§#.......).P.##P
.##♣♣≈##.# #.......#..##..# ## ##
##.!.(.#.. ##.####Y....##..
#♣.....+.###..###.§...#.#..


You could see a catoblepas.

Vanquished Creatures
  9 hydras
  A catoblepas (Lair:5)
  Psyche (D:9)
  2 two-headed ogres
  Erica (Lair:1)
  An alligator (Lair:6)
  9 death yaks
  8 elephants
  9 black mambas
  18 cane toads
  An eye of devastation (Lair:6)
  2 torpor snails
  4 rime drakes
  5 komodo dragons
  A hornet (Lair:6)
  5 polar bears
  A troll (D:9)
  20 blink frogs
  7 hippogriffs
  10 dream sheep
  A slime creature (D:8)
  A redback (Lair:3)
  3 wyverns
  A spriggan (D:7)
  25 yaks
  2 basilisks
  2 steam dragons (D:9)
  14 crocodiles
  11 water moccasins
  6 porcupines
  5 phantoms
  6 orc warriors
  A hornet zombie (D:4)
  An ice beast (D:8)
  2 black bears
  A sky beast (D:6)
  An eye of draining (Lair:5)
  5 centaurs
  3 ogres
  10 wolves
  2 big kobolds
  11 bullfrogs
  A wyvern zombie (D:7)
  2 scorpions
  4 electric eels
  4 howler monkeys (D:7)
  6 crimson imps
  A bullfrog zombie (D:5)
  2 jellies
  A quasit (D:9)
  5 centaur skeletons
  6 orc priests
  Crazy Yiuf (D:7)
  4 hounds
  4 bullfrog skeletons
  4 iguanas
  4 worker ants
  8 orc wizards
  7 hell rats
  A killer bee zombie (D:6)
  2 worker ant zombies
  Robin (D:4)
  7 gnolls (D:7)
  A howler monkey skeleton (D:7)
  7 adders
  A shadow imp (D:4)
  An adder skeleton (D:7)
  5 worms
  3 leopard geckos
  52 orcs
  2 giant cockroaches
  7 goblins
  4 hobgoblins
  4 jackals
  3 quokkas
  5 bats
  5 frilled lizards
  20 kobolds
  6 rats
430 creatures vanquished.

Vanquished Creatures (others)
  An orc (D:7)
  A butterfly (Lair:6)
  16 fungi
  34 plants
52 creatures vanquished.

Grand Total: 482 creatures vanquished

Notes
Turn   | Place    | Note
-------+----------+-------------------------------------------
     0 | D:1      | Foic the Demigod Fighter began the quest for the Orb.
     0 | D:1      | Reached XP level 1. HP: 18/18 MP: 3/3
   138 | D:1      | Reached skill level 1 in Invocations
   157 | D:1      | Reached XP level 2. HP: 25/25 MP: 5/5
   859 | D:2      | Noticed a scorpion
   868 | D:2      | Killed a scorpion
   868 | D:2      | Reached XP level 3. HP: 22/30 MP: 5/7
   868 | D:2      | Reached XP level 4. HP: 28/37 MP: 5/8
   871 | D:2      | Reached * piety under Demigod
  1041 | D:2      | Learned a level 1 spell: Magic Dart
  1144 | D:2      | Found a faded altar of an unknown god.
  1245 | D:2      | Found a blossoming altar of Fedhas.
  1318 | D:3      | Reached skill level 1 in Stealth
  1368 | D:3      | Reached XP level 5. HP: 45/45 MP: 9/9
  1986 | D:3      | Reached XP level 6. HP: 51/51 MP: 11/11
  2246 | D:4      | Reached XP level 7. HP: 57/57 MP: 13/13
  2288 | D:4      | HP: 2/57 [orc wizard/puff of flame (3)]
  2341 | D:3      | Reached skill level 5 in Maces & Flails
  2619 | D:4      | Reached skill level 5 in Invocations
  2862 | D:4      | Reached skill level 1 in Dodging
  3355 | D:4      | Reached XP level 8. HP: 12/63 MP: 15/15
  3776 | D:4      | Noticed Robin
  3787 | D:4      | Killed Robin
  3969 | D:5      | Entered Level 5 of the Dungeon
  3969 | D:5      | Found a runed translucent gate.
  3969 | D:5      | Found a runed translucent gate.
  3976 | D:5      | Found a runed translucent gate.
  3977 | D:5      | Noticed kirei's ghost (novice OpVM)
  4001 | D:5      | Reached ** piety under Demigod
  4454 | D:5      | Found a staircase to the Ecumenical Temple.
  4512 | Temple   | Entered the Ecumenical Temple
  4734 | D:6      | Found Tysiph's Magic Scroll Shoppe.
  4927 | D:6      | Found Omoan's Armour Boutique.
  4935 | D:6      | Bought a +0 pair of gloves for 63 gold pieces
  4935 | D:6      | Bought a +0 pair of boots for 63 gold pieces
  4945 | D:6      | Bought a +0 large shield for 63 gold pieces
  4991 | D:6      | Found Moang's Gadget Shoppe.
  5499 | D:6      | Reached skill level 5 in Shields
  5499 | D:6      | Reached XP level 9. HP: 65/71 MP: 17/17
  5533 | D:6      | Reached *** piety under Demigod
  5616 | D:6      | Reached skill level 5 in Armour
  6540 | D:7      | Found a runed door.
  6563 | D:7      | Found Zurid's General Store.
  6583 | D:7      | Found Xefa's General Store.
  6589 | D:7      | Bought a +0 cloak for 63 gold pieces
  6758 | D:7      | Found Weihats's Magic Scroll Boutique.
  6843 | D:7      | Found Tytinepp's Weapon Emporium.
  6974 | D:7      | Found a stormy altar of Qazlal.
  6989 | D:7      | Found Ogosmep's Antique Weapon Boutique.
  6994 | D:7      | Bought an encrusted mace for 200 gold pieces
  6994 | D:7      | Identified the +3 mace "Ashrel" {flame, rN++ Str+2} (You
                  | bought it in a shop on level 7 of the Dungeon)
  7035 | D:7      | Found an ornate altar of the Wu Jian Council.
  7632 | D:7      | Noticed Crazy Yiuf
  7636 | D:7      | Killed Crazy Yiuf
  7851 | D:8      | Reached **** piety under Demigod
  7923 | D:8      | Reached XP level 10. HP: 78/80 MP: 19/19
  8208 | D:8      | Reached skill level 5 in Fighting
  8423 | D:8      | Found Viabbuso's General Store.
  8991 | D:9      | Found a staircase to the Lair.
  8992 | D:9      | Noticed Psyche
  9010 | D:9      | Killed Psyche
  9063 | D:9      | Noticed a two-headed ogre
  9319 | D:8      | Killed a two-headed ogre
  9552 | D:9      | Reached XP level 11. HP: 65/88 MP: 22/22
  9559 | D:9      | Reached skill level 10 in Invocations
  9727 | D:9      | Noticed a two-headed ogre
  9740 | D:9      | Killed a two-headed ogre
 10049 | Lair:1   | Entered Level 1 of the Lair of Beasts
 10662 | Lair:1   | Reached ***** piety under Demigod
 10682 | Lair:1   | Noticed a six-headed hydra
 10692 | Lair:1   | Killed a six-headed hydra
 10829 | Lair:1   | Identified the Grimoire of Enhancements and Envenoming
 10884 | Lair:1   | Reached skill level 10 in Maces & Flails
 11430 | Lair:1   | Noticed Erica
 11448 | Lair:1   | Killed Erica
 12201 | Lair:2   | Reached XP level 12. HP: 92/96 MP: 24/24
 12449 | Lair:2   | Found a shimmering blue altar of Sif Muna.
 13212 | Lair:2   | Noticed an eight-headed hydra
 13220 | Lair:2   | Killed an eight-headed hydra
 13220 | Lair:2   | Reached skill level 10 in Shields
 13347 | Lair:2   | Noticed an eight-headed hydra
 13358 | Lair:2   | Killed an eight-headed hydra
 13509 | Lair:2   | Found a staircase to the Swamp.
 14527 | Lair:3   | Noticed a five-headed hydra
 14551 | Lair:3   | Killed a five-headed hydra
 15231 | Lair:3   | Found a runed door.
 15364 | Lair:3   | Found a hole to the Spider Nest.
 16091 | Lair:3   | Noticed a four-headed hydra
 16100 | Lair:3   | Killed a four-headed hydra
 16108 | Lair:3   | Got a scintillating pewter ring
 16110 | Lair:3   | Identified the ring "Sicli" {Fire rN+ Str+2} (You found it
                  | on level 3 of the Lair of Beasts)
 16672 | Lair:4   | Noticed a five-headed hydra
 16682 | Lair:4   | Killed a five-headed hydra
 16972 | Lair:4   | Reached XP level 13. HP: 104/104 MP: 26/26
 16989 | Lair:4   | Got a dazzling dagger
 18662 | Lair:5   | Identified the +8 dagger of Ynapt {pierce, Str+2 SInv} (You
                  | found it on level 4 of the Lair of Beasts)
 20059 | Lair:5   | Upgraded the game from bcrawl-1.21.2-1-g32d02e0829 to
                  | bcrawl-1.21.2-20-g6d45ba5942
 20107 | Lair:6   | Entered Level 6 of the Lair of Beasts
 20873 | Lair:6   | Noticed a dire elephant
 21432 | Lair:5   | Reached skill level 10 in Armour
 21456 | Lair:5   | Reached XP level 14. HP: 104/113 MP: 22/28
 21845 | Lair:6   | Found a viscous altar of Jiyva.
 21846 | Lair:6   | Found a viscous altar of Jiyva.
 21846 | Lair:6   | Found a staircase to the Slime Pits.
 22263 | Lair:6   | Found a runed translucent gate.
 22263 | Lair:6   | Found a runed translucent gate.
 22263 | Lair:6   | Found a runed translucent gate.
 22264 | Lair:6   | Noticed dscm's ghost (journeyman OpAc)
 23770 | Lair:6   | Mangled by a catoblepas

Skill      XL: |  1  2  3  4  5  6  7  8  9 10 11 12 13 14 |
---------------+-------------------------------------------+-----
Maces & Flails | 2 3 4 5 6 7 9 10 11 | 11.5
Invocations    | 1 2 3 4 5 6 8 9 11 12 13 | 13.3
Fighting       | 3 4 5 6 7 |  7.7
Armour         | 3 4 5 6 7 8 10 | 10.2
Stealth        | 1 |  1.5
Shields        | 3 4 5 6 7 9 11 12 13 | 13.0
Dodging        | 1 |  1.6

Action                   |  1- 3 |  4- 6 |  7- 9 | 10-12 | 13-15 || total
-------------------------+-------+-------+-------+-------+-------++-------
Melee: Flail             |   101 |   130 |   446 |       |       ||   677
       Mace              |       |       |   124 |   689 |   666 ||  1479
Invok: Heroism           |       |       |       |       |     3 ||     3
       Divine Shield     |       |       |       |       |     1 ||     1
       Major Destruction |       |       |       |       |     1 ||     1
  Use: Scroll            |       |     6 |       |     1 |    16 ||    23
       Potion            |       |       |     7 |     1 |     1 ||     9
 Stab: Invisible         |       |       |     1 |       |       ||     1
  Eat: Chunk             |       |     5 |    15 |    16 |    22 ||    58
       Ration            |       |       |     1 |     4 |     3 ||     8
Armor: Scale mail        |    41 |     4 |       |       |       ||    45
       Chain mail        |       |    50 |    96 |       |       ||   146
       Plate armour      |       |       |   101 |   316 |   283 ||   700
Dodge: Dodged            |    33 |    28 |    93 |   114 |   108 ||   376
Block: Medium shield     |    53 |    69 |   123 |       |       ||   245
       Large shield      |       |       |   285 |   682 |   678 ||  1645
